 Dungeon Crawl Stone Soup version 0.24-a0-528-g98e85ec62a (webtiles) character file.

Game seed: 11535637153108279884

36 Froggeryz the Poker (level 3, -1/29 HPs)
             Began as a Demonspawn Abyssal Knight on Aug 5, 2019.
             Was a Follower of Lugonu.
             Slain by an adder (3 damage)
             ... on level 2 of the Dungeon.
             The game lasted 00:01:49 (1070 turns).

Froggeryz the Poker (Demonspawn Abyssal Knight)     Turns: 1070, Time: 00:01:50

Health: -1/29      AC:  3    Str: 13    XL:     3   Next: 19%
Magic:  4/4        EV: 11    Int: 13    God:    Lugonu [*.....]
Gold:   32         SH:  4    Dex: 12    Spells: 2/2 levels left

rFire    + . .     SeeInvis .   a - +1 spear
rCold    + . .     Gourm    .   (no shield)
rNeg     . . .     Faith    .   b - +0 leather armour
rPois    +         Spirit   .   (helmet restricted)
rElec    +         Reflect  .   (no cloak)
rCorr    +         Harm     .   (no gloves)
MR       .....                  (no boots)
Stlth    +.........             (no amulet)
HPRegen  0.09/turn              (no ring)
MPRegen  0.09/turn              (no ring)

@: resistant
A: antennae 1, large bone plates 1
a: Depart the Abyss, Renounce Religion


You were on level 2 of the Dungeon.
You worshipped Lugonu.
Lugonu was aware of your devotion.
You were hungry.

You visited 1 branch of the dungeon, and saw 2 of its levels.
You visited the Abyss 1 time.

You collected 32 gold pieces.

Inventory:

Hand Weapons
 a - a +1 spear (weapon)
Armour
 b - a +0 leather armour (worn)
Comestibles
 c - 3 rations


   Skills:
 - Level 3.0 Fighting
 * Level 3.3 Polearms
 - Level 1.7 Armour
 - Level 0.8 Dodging
 - Level 2.4 Invocations


You had 2 spell levels left.
You didn't know any spells.
Your spell library was empty.

Dungeon Overview and Level Annotations

Branches:
Dungeon (1/15)

Altars:

Annotations:
D:2 Sigmund


Innate Abilities, Weirdness & Mutations

You have a pair of small antennae on your head.
You are partially covered in large bone plates. (SH +4)


Message History

* * * LOW HITPOINT WARNING * * *
The adder closely misses you.
You barely miss the goblin.
The goblin is moderately wounded.
The goblin hits you but does no damage. The adder barely misses you.
You hit the goblin.
You kill the goblin!
Lugonu accepts your kill. The adder barely misses you.
You barely miss the goblin. You block the adder's attack.
You block the goblin's attack. The adder barely misses you.
You closely miss the goblin. You block the goblin's attack.
The adder barely misses you.
You closely miss the adder.
The adder is severely wounded.
The adder closely misses you. The goblin completely misses you.
You hit the adder.
The adder is severely wounded.
The adder bites you.
You die...

*,,,,,,,*******,,,,,,,,,*
*,
*,,,,,,,*,,,,,,,*,*******
*, ,,,,,,,,*#*,,,,,,,* *,
,,,,,,,,,(.,,,,,*** **
,*****,,,...,,,,* * ,*
*,,,....,,** ####### **
,* *,,,....K,* ##.....#
*, ,*
*,,,.....b#######......#
*, **
*,,,....SgS@grK.#......#
**,
*,,,<....K#####.#...#***
*,, *,,,.....,* #.#{..#
*,* *,,,....,,*
#g.r..######,*
****###****
###........#.#
#..(........
*********#........###
*,,,,,,,*#........# *
*,,,,,,,*#........# *


You could see 2 adders, a quokka, 2 goblins, a bat and 3 kobolds.

Vanquished Creatures
  A leopard gecko (D:1)
  A ball python (D:1)
  8 bats
  A giant cockroach (D:1)
  6 goblins
  3 hobgoblins (D:1)
  2 frilled lizards (D:1)
  6 kobolds (D:1)
  4 rats (D:1)
32 creatures vanquished.

Notes
Turn   | Place    | Note
-------+----------+-------------------------------------------
     0 | Abyss:1  | Froggeryz the Demonspawn Abyssal Knight began the quest for
                  | the Orb.
     0 | Abyss:1  | Reached XP level 1. HP: 18/18 MP: 2/2
     0 | Abyss:1  | Found a corrupted altar of Lugonu.
     0 | Abyss:1  | Noticed a thrashing horror
     3 | Abyss:1  | Noticed a ynoxinul
     4 | D:1      | Escaped the Abyss
   274 | D:1      | Gained mutation: You are partially covered in large bone
                  | plates. (SH +4) [demonic ancestry]
   274 | D:1      | Reached XP level 2. HP: 24/24 MP: 3/3
   505 | D:1      | Reached * piety under Lugonu
   810 | D:1      | Gained mutation: You have a pair of small antennae on your
                  | head. [demonic ancestry]
   810 | D:1      | Reached XP level 3. HP: 29/29 MP: 4/4
  1025 | D:1      | You fall into a shaft and drop 1 floor!
  1026 | D:2      | Noticed Sigmund
  1070 | D:2      | Slain by an adder

Levels and vault maps discovered:
D:1:      elethiomel_arrival_infinity_welcomes_careful_drivers, layout_basic
D:2:      layout_basic, ashenzari_altar_1, uniq_sigmund, uniq_natasha

Skill      XL: |  1  2 |
---------------+-------+-----
Polearms       | 2 3 |  3.3
Fighting       | |  3.0
Armour         | |  1.7
Dodging        | |  0.8
Invocations    | |  2.4

Action                   || total
-------------------------++-------
Melee: Spear             ||   107
Invok: Depart the Abyss  ||     1
  Use: Scroll            ||     4
       Potion            ||     1
 Stab: Sleeping          ||     1
Armor: Leather armour    ||    27
Dodge: Dodged            ||    69
Block: Other             ||    17

Table legend:
 A = Non-vault XP
 B = Vault XP
 C = Vault XP percentage of total XP
 D = Non-vault monster count
 E = Vault monster count
 F = Vault count percentage of total count
                 A         B        C        D         E       F
            +---------+---------+-------+---------+---------+-------
      Total |      52 |       0 |   0.0 |      32 |       0 |   0.0
            +---------+---------+-------+---------+---------+-------
        D:1 |      46 |       0 |   0.0 |      29 |       0 |   0.0
        D:2 |       6 |       0 |   0.0 |       3 |       0 |   0.0
            +---------+---------+-------+---------+---------+-------
